 Dungeon Crawl Stone Soup version 0.29.1-15-g9cfb28693d (webtiles) character file.

Game seed: 4771651143537013911

4 Barneous the Magician (level 1, -2/11 HPs)
             Began as an Octopode Wanderer on Mar 13, 2023.
             Slain by a kobold
             ... wielding a +0 club
              (4 damage)
             ... on level 1 of the Dungeon.
             The game lasted 00:00:50 (105 turns).

Barneous the Magician (Octopode Wanderer)            Turns: 105, Time: 00:00:50

Health: -2/11      AC:  1    Str:  9    XL:     1   Next: 60%
Magic:  0/5        EV: 13    Int: 15    God:
Gold:   11         SH:  0    Dex: 12    Spells: 7/8 levels left

rFire   . . .      SeeInvis .   a - +0 dagger
rCold   . . .      Faith    .   (no shield)
rNeg    . . .      Spirit   .   c - +0 hat
rPois   .          Reflect  .   (no amulet)
rElec   .          Harm     .   (no ring)
rCorr   .          Rampage  .   (no ring)
Will    .....                   (no ring)
Stlth   +++.......              (no ring)
HPRegen 0.03/turn               (no ring)
MPRegen 0.09/turn               (no ring)
                                (no ring)
                                (no ring)

@: no status effects
A: almost no armour, amphibious, 8 rings, camouflage 1, gelatinous body 1,
(nimble swimmer 1), tentacles
a: no special abilities


You were on level 1 of the Dungeon.
You visited 1 branch of the dungeon, and saw 1 of its levels.

You collected 11 gold pieces.

Inventory:

Hand Weapons
 a - a +0 dagger (weapon)
Armour
 c - a +0 hat (worn)
Scrolls
 d - a scroll of teleportation {unknown}
Potions
 b - a potion of curing


   Skills:
 + Level 0.2 Short Blades
 + Level 3.0 Dodging
 + Level 1.5 Stealth
 + Level 0.2 Unarmed Combat
 + Level 4.0 Spellcasting
 + Level 1.1 Conjurations


You had 7 spell levels left.
You knew the following spells:

 Your Spells              Type           Power      Damage    Failure   Level
a - Magic Dart            Conj           24%        1d4       12%         1

Your spell library contained the following spells:

 Spells                   Type           Power      Damage    Failure   Level
 Foxfire                  Conj/Fire      16%        2x1d4     14%         1
 Blink                    Tloc           6%         N/A       26%         2
 Dazzling Flash           Conj/Hex       8%         N/A       41%         3
 Mephitic Cloud           Conj/Pois/Air  4%         N/A       43%         3


Dungeon Overview and Level Annotations

Branches:
Dungeon (1/15)

Altars:

Annotations:
D:1 1 transporter


Innate Abilities, Weirdness & Mutations

You cannot wear most types of armour.
You are amphibious.
You can wear up to eight rings at the same time.
Your skin changes colour to match your surroundings (Stealth+).
Your rubbery body absorbs attacks. (AC +1, EV +1)
((You are camouflaged when in or above water. (Stealth+)))
You have tentacles for arms and can constrict up to eight enemies at once.


Message History

Aiming: Magic Dart (safe; 12% risk of failure)
Press: ? - help, Q - select action Shift-Dir - straight line, f - bat
Aim: a bat (asleep, 100% to hit)
The magic dart hits the bat.
The bat is severely wounded.
The bat closely misses you. The bat misses you.
Unknown command.
Aiming: Magic Dart (safe; 12% risk of failure)
Press: ? - help, Q - select action Shift-Dir - straight line, f/p - bat
Aim: a bat (severely wounded, 100% to hit)
The magic dart hits the bat.
You kill the bat!
The bat hits you but does no damage. The bat barely misses you.
Aiming: Magic Dart (safe; 12% risk of failure)
Press: ? - help, Q - select action Shift-Dir - straight line, f - bat
Aim: a bat (100% to hit)
The magic dart hits the bat.
You kill the bat!
The kobold shouts!
The hobgoblin shouts!
Aiming: Magic Dart (safe; 12% risk of failure)
Press: ? - help, Q - select action Shift-Dir - straight line, f - kobold
Aim: a kobold, wielding a +0 club and quivering stones (100% to hit)
The magic dart hits the kobold.
The kobold is heavily wounded.
Aiming: Magic Dart (safe; 12% risk of failure)
Press: ? - help, Q - select action Shift-Dir - straight line, f/p - kobold
Aim: a kobold, wielding a +0 club and quivering stones (heavily wounded, 100% to hit)
The magic dart hits the kobold but does no damage.
The kobold is heavily wounded.
You barely miss the kobold. Your grab misses the kobold.
The kobold is heavily wounded.
The kobold hits you with a +0 club. The kobold misses you.
The kobold hits you with a +0 club.
* * * LOW HITPOINT WARNING * * *
You barely miss the kobold. You grab the kobold.
The kobold is heavily wounded.
You constrict the kobold, but do no damage.
The kobold hits you with a +0 club.
You die...

## ##............ ..
##.#####......#
..#######.#.....#....##
..........~.....~#..###
....##.#~.~...~~.#....
# #.#.#..~.~~~.~.[#..#
#†#.#...~.≈≈~~~ ..#
...##.!.#....≈._≈..
......gK@#...~.≈≈~~~
#..##.#..#..~.~~~.~ #
#...#.#~.~...~~
#..###..~.b.. .... #.
.#... #. # ##.? #. ##
##


You could see a hobgoblin and a kobold.

Vanquished Creatures
  A quokka (D:1)
  2 bats (D:1)
  A rat (D:1)
4 creatures vanquished.

Notes
Turn   | Place    | Note
-------+----------+-------------------------------------------
     0 | D:1      | Barneous the Octopode Wanderer began the quest for the Orb.
     0 | D:1      | Barneous set off with the following items: a +0 dagger, a
                  | potion of curing, a +0 hat; and the following spells
                  | available to memorise: Magic Dart, Foxfire, Blink, Dazzling
                  | Flash, Mephitic Cloud.
     0 | D:1      | Reached XP level 1. HP: 11/11 MP: 5/5
     2 | D:1      | Learned a level 1 spell: Magic Dart
    89 | D:1      | Found a faded altar of an unknown god.
   105 | D:1      | Slain by a kobold

Illustrated notes

Levels and vault maps discovered:
D:1:      spicycebolla_arrival_risky_transporter, layout_loops_ring,
          shapermc_ecumenical_altar_starsandcircs, serial_forest,
          infiniplex_forest_3_way, infiniplex_forest_clump_curved,
          infiniplex_forest_end_1, infiniplex_forest_3_way,
          infiniplex_forest_end_3, infiniplex_forest_3_way,
          infiniplex_forest_zigzag_2, serial_bayou_pond_e, minmay_heptomino_o4

Action                   || total
-------------------------++-------
Melee: Dagger            ||     5
       Constrict         ||     2
       Tentacles         ||     1
 Cast: Magic Dart        ||     7
Armor: Skin              ||     1
Dodge: Dodged            ||     7
